 Dungeon Crawl Stone Soup version 0.31-a0-102-g33a4ccc0cb (webtiles) character file.

Game seed: 7475212839528986841

10546 hito the Skirmisher (level 11, -1/94 HPs)
             Began as a Hill Orc Hunter on May 26, 2023.
             Was a High Priest of Okawaru.
             Slain by a black mamba (10 damage)
             ... on level 1 of the Lair of Beasts.
             The game lasted 00:37:34 (12300 turns).

hito the Skirmisher (Hill Orc Hunter)              Turns: 12300, Time: 00:37:35

Health: -1/94      AC:  7    Str: 15    XL:     11   Next: 63%
Magic:  17/17      EV: 13    Int:  9    God:    Okawaru [*****.]
Gold:   920        SH:  5    Dex: 18    Spells: 10/10 levels left

rFire   . . .        c - +4 longbow (flame)
rCold   . . .        (shield currently unavailable)
rNeg    . . .        y - +0 troll leather armour
rPois   .            (no helmet)
rElec   .            e - +0 cloak
rCorr   .            H - +0 pair of gloves
SInv    +            Q - +0 pair of boots
Will    .....        l - amulet of reflection
Stlth   ++           P - ring of see invisible
HPRegen 1.15/turn    (no ring)
MPRegen 0.15/turn

%: reflection
@: no status effects
A: no striking features
a: Renounce Religion, Heroism, Finesse, Duel


You were on level 1 of the Lair of Beasts.
You worshipped Okawaru.
Okawaru was extremely pleased with you.
You visited 3 branches of the dungeon, and saw 13 of its levels.
You also visited: Sewer.

You collected 920 gold pieces.

Inventory:

Hand Weapons
 a - a +0 orcbow
 b - a +0 dagger of electrocution
 c - a +4 longbow of flaming (weapon)
 q - a +2 shortbow of draining
 F - a +5 great sword
 G - a +1 battleaxe of freezing
Missiles
 f - 14 boomerangs
 t - 3 throwing nets
 I - 14 poisoned darts
 K - 4 curare-tipped darts
Armour
 e - a +0 cloak (worn)
 y - a +0 troll leather armour (worn)
 D - a +0 buckler
 E - the +2 robe "Emijolam" {rC+}
   (You found it on level 6 of the Dungeon)

   rC:        It protects you from cold.
 H - a +0 pair of gloves (worn)
 Q - a +0 pair of boots (worn)
Jewellery
 l - an amulet of reflection (around neck)
 p - a +6 ring of intelligence
 C - an amulet of the acrobat
 P - a ring of see invisible (left hand)
Wands
 v - a wand of roots (1)
 x - a wand of flame (6)
 B - a wand of polymorph (7)
 L - a wand of digging (7)
Scrolls
 d - a scroll of enchant armour {unknown}
 g - 2 scrolls of poison
 i - 5 scrolls of teleportation
 j - 3 scrolls of blinking {unknown}
 k - 2 scrolls of noise {unknown}
 n - 2 scrolls of enchant weapon {unknown}
 o - a scroll of acquirement {unknown}
 r - 3 scrolls of vulnerability {unknown}
 u - 2 scrolls of amnesia {unknown}
 w - 2 scrolls of immolation
 A - a scroll of fog
 N - 3 scrolls of fear {unknown}
Potions
 h - 4 potions of attraction
 m - 2 potions of lignification
 s - 3 potions of haste
 J - a potion of enlightenment
 M - 2 potions of brilliance
 O - a potion of mutation


   Skills:
 + Level 7.9 Fighting
 - Level 14.0 Ranged Weapons
 + Level 3.0 Dodging
 - Level 0.7 Stealth
 + Level 9.0 Invocations
 + Level 2.8 Evocations


You had 10 spell levels left.
You didn't know any spells.
Your spell library contained the following spells:

 Spells                   Type           Power      Damage    Failure   Level
 Blink                    Tloc           0%         N/A       58%         2
 Ensorcelled Hibernation  Hex/Ice        0%         N/A       58%         2
 Lesser Beckoning         Tloc           0%         N/A       58%         2
 Momentum Strike          Conj/Tloc      0%         3d8       58%         2
 Passwall                 Tmut/Erth      0%         N/A       58%         2
 Swiftness                Air            0%         N/A       83%         3
 Alistair's Intoxication  Tmut/Pois      0%         N/A       100%        5
 Borgnjor's Vile Clutch   Necr/Erth      0%         N/A       100%        5
 Eringya's Noxious Bog    Tmut/Pois      0%         N/A       100%        6


Dungeon Overview and Level Annotations

Branches:
Dungeon (10/15)            Temple (1/1) D:4            Lair (2/5) D:10
  Sewer (visited)
  Swamp: Lair:2-3    Shoals: Lair:2-3     Snake: Lair:2-3    Spider: Lair:2-3
    Orc: D:9-12

Altars:
Gozag
Okawaru
Qazlal
Trog
Xom

Annotations:
D:9 1 transporter
D:10 3 runed translucent doors, MrSquiggles's ghost, journeyman MiFi; Pimp's ghost, novice OpTm; osoart's ghost, journeyman BaFi; rinse's ghost, journeyman MfMo; voltaire321's ghost, journeyman MfGl
Lair:1 exclusion: downstairs


Message History

The arrow burns the black mamba.
The black mamba is almost dead.
The black mamba closely misses you. The yak gores you!
You block the black mamba's attack.
Fire: c) +4 longbow (flame)
Press: ? - help, Q - select action, (/) - cycle Shift-Dir - straight line, f/p - black mamba
Aim: a black mamba (severely wounded, 60% to hit)
You shoot an arrow.
The arrow closely misses the black mamba.
The black mamba bites you!
* * * LOW HITPOINT WARNING * * *
The yak barely misses you. The black mamba bites you!
* * * LOW HITPOINT WARNING * * *
You are poisoned.
The black mamba poisons you!
Unknown command.
You feel better. The black mamba barely misses you. The yak gores you!
* * * LOW HITPOINT WARNING * * *
The black mamba barely misses you.
Unknown command.
Fire: c) +4 longbow (flame)
Press: ? - help, Q - select action, (/) - cycle Shift-Dir - straight line, f/p - black mamba
Aim: a black mamba (severely wounded, 60% to hit)
You shoot an arrow. The arrow hits the black mamba.
The arrow burns the black mamba.
The black mamba is almost dead.
The black mamba bites you!
* * * LOW HITPOINT WARNING * * *
You are poisoned.
The black mamba poisons you! The yak gores you but does no damage.
The black mamba closely misses you.
You feel better. The black mamba bites you.
* * * LOW HITPOINT WARNING * * *
You block the yak's attack.
Okay, then.
Aiming: Duel (22% risk of failure)
Press: ? - help, Dir - move target, f/p - black mamba
Aim: a black mamba (severely wounded)
You fail to use your ability.
The black mamba bites you!
You die...

.# #..# #...... ## #..# ##.....
.# ########## #..## ###....##
.####........## ##...# #....###
......<.......###..### ##.....##
##.....##.........## #...#...##
###..............#######..####...
###......P####.S..#P#.#..## #...
##..####### #..@........# ##..
#..## ###.####...Y.#....## ###...
..## #...........###...####.....
.## ##...#......................
P# #..#######...#.##......#####
## #..# ##.#######...## #..##
####### #...## ##..###....#
##..^.# ###.......# ####.....#


You could see a black mamba and a yak.

Vanquished Creatures
  Harold (D:10)
  A hydra (Lair:1)
  A skyshark (Lair:2)
  Pikel (D:3)
  Maurice (D:10)
  A black mamba (Lair:2)
  Maggie (Lair:1)
  2 cane toads (Lair:2)
  2 komodo dragons
  A troll (D:10)
  A polar bear (Lair:1)
  2 hornets
  Grinder (D:3)
  A basilisk (Lair:2)
  2 wyverns
  3 yaks (Lair:2)
  2 steam dragons
  A swamp worm (Lair:2)
  2 acid dragons (D:10)
  A water moccasin (Lair:2)
  A black bear (D:7)
  2 orc warriors
  2 sky beasts
  Pargi (Sewer)
  2 centaurs
  5 bullfrogs
  A lemure (D:3)
  4 kobold brigands
  2 scorpions
  17 wights
  9 killer bees
  4 howler monkeys
  An electric eel (D:10)
  Crazy Yiuf (D:4)
  A hound (D:5)
  6 orc priests
  2 sleepcaps
  2 iguanas
  10 orc wizards
  10 gnolls
  11 adders
  A shadow imp (D:7)
  2 white imps (D:6)
  3 worms
  3 dart slugs
  36 orcs
  10 ball pythons
  9 bats
  9 endoplasms
  A giant cockroach (D:2)
  7 goblins
  9 hobgoblins
  2 jackals (D:4)
  22 kobolds
  4 quokkas
  3 frilled lizards
  4 rats
247 creatures vanquished.

Notes
Turn   | Place    | Note
-------+----------+-------------------------------------------
     0 | D:1      | hito the Hill Orc Hunter began the quest for the Orb.
     0 | D:1      | Reached XP level 1. HP: 18/18 MP: 1/1
    99 | D:1      | Reached XP level 2. HP: 25/25 MP: 2/2
   340 | D:1      | Reached skill level 4 in Ranged Weapons
   377 | D:1      | Reached XP level 3. HP: 29/31 MP: 3/3
   673 | D:2      | Found a faded altar of an unknown god.
   688 | D:2      | Prayed at the altar of an unknown god.
   688 | D:2      | Became a worshipper of Warmaster Okawaru
   688 | D:2      | Reached * piety under Okawaru
   858 | D:2      | Reached skill level 1 in Invocations
  1084 | D:3      | Reached XP level 4. HP: 40/40 MP: 4/4
  1105 | D:3      | Noticed Grinder
  1125 | D:3      | Killed Grinder
  1125 | D:3      | Reached ** piety under Okawaru
  1126 | D:3      | Reached skill level 5 in Ranged Weapons
  1126 | D:3      | Reached XP level 5. HP: 43/46 MP: 2/7
  1126 | D:3      | Reached XP level 6. HP: 49/52 MP: 2/8
  1316 | D:3      | Found a bloodstained altar of Trog.
  1343 | D:3      | Found a glowing drain.
  1376 | Sewer    | Entered a sewer
  1412 | Sewer    | Noticed Pargi
  1421 | Sewer    | Killed Pargi
  1422 | Sewer    | Reached skill level 6 in Ranged Weapons
  2296 | D:4      | Noticed Pikel
  2409 | D:3      | Killed Pikel
  2409 | D:3      | Reached *** piety under Okawaru
  2410 | D:3      | Reached skill level 5 in Fighting
  2410 | D:3      | Reached skill level 7 in Ranged Weapons
  2410 | D:3      | Reached XP level 7. HP: 19/61 MP: 9/9
  2571 | D:4      | Found a staircase to the Ecumenical Temple.
  2590 | D:4      | Reached XP level 8. HP: 68/68 MP: 10/10
  2655 | D:4      | Reached skill level 8 in Ranged Weapons
  2689 | Temple   | Entered the Ecumenical Temple
  3293 | D:4      | Found a runed translucent door.
  3294 | D:4      | Noticed Crazy Yiuf
  3310 | D:4      | Killed Crazy Yiuf
  3424 | D:5      | Entered Level 5 of the Dungeon
  3454 | D:5      | Found the dreamshard necklace {Acrobat *Dream}
  4191 | D:6      | Reached skill level 9 in Ranged Weapons
  4281 | D:6      | Reached **** piety under Okawaru
  4365 | D:6      | Identified the +2 robe "Emijolam" {rC+}
  4784 | D:6      | Found an opulent altar of Gozag.
  5073 | D:7      | Reached XP level 9. HP: 59/75 MP: 11/11
  5182 | D:7      | Reached skill level 10 in Ranged Weapons
  5892 | D:7      | Reached ***** piety under Okawaru
  6775 | D:8      | Noticed a hornet
  6781 | D:8      | Paralysed by a hornet for 3 turns
  6784 | D:8      | Killed a hornet
  6785 | D:8      | Reached skill level 5 in Invocations
  7148 | D:8      | Reached skill level 11 in Ranged Weapons
  7485 | D:9      | Found a transporter.
  7555 | D:9      | Noticed a hornet
  7576 | D:9      | Reached XP level 10. HP: 39/86 MP: 12/14
  7858 | D:9      | Paralysed by a hornet for 3 turns
  7943 | D:9      | Paralysed by a hornet for 2 turns
  7946 | D:9      | Received a gift from Okawaru
  9143 | D:10     | Entered Level 10 of the Dungeon
  9233 | D:10     | Noticed Harold
  9273 | D:10     | Killed Harold
  9274 | D:10     | Reached skill level 12 in Ranged Weapons
  9312 | D:10     | Found a stormy altar of Qazlal.
  9313 | D:10     | Found a shimmering altar of Xom.
  9354 | D:10     | Noticed Maurice
  9601 | D:10     | Killed Maurice
 10062 | D:10     | Found a staircase to the Lair.
 10074 | D:10     | Reached skill level 13 in Ranged Weapons
 10383 | D:10     | Found a runed translucent gate.
 10383 | D:10     | Found a runed translucent gate.
 10383 | D:10     | Found a runed translucent gate.
 10384 | D:10     | Noticed rinse's ghost (journeyman MfMo)
 10385 | D:10     | Noticed Pimp's ghost (novice OpTm)
 10385 | D:10     | Noticed osoart's ghost (journeyman BaFi)
 10385 | D:10     | Noticed voltaire321's ghost (journeyman MfGl)
 10385 | D:10     | Noticed MrSquiggles's ghost (journeyman MiFi)
 10621 | Lair:1   | Entered Level 1 of the Lair of Beasts
 10797 | Lair:1   | Reached XP level 11. HP: 71/92 MP: 17/17
 10996 | Lair:1   | Noticed Maggie
 10997 | Lair:1   | Noticed a six-headed hydra
 11012 | Lair:1   | Identified the staff of poison "Hiofub" {rPois Dex+3}
 11120 | Lair:1   | Killed a six-headed hydra
 11336 | Lair:1   | Killed Maggie
 11739 | Lair:1   | Reached skill level 14 in Ranged Weapons
 11916 | Lair:2   | Reached skill level 1 in Evocations
 12112 | Lair:2   | Noticed a skyshark
 12128 | Lair:2   | Killed a skyshark
 12180 | Lair:2   | Received a gift from Okawaru
 12278 | Lair:2   | Noticed a skyshark
 12300 | Lair:1   | Slain by a black mamba

Illustrated notes

Levels and vault maps discovered:
D:1:      scummos_arrival_gate, layout_loops_ring
D:2:      layout_rooms, ebering_ecumenical_altar_rust
D:3:      kennysheep_six_static_rooms, layout_loops_ring,
          mainiacjoe_overflow_chevrons, cheibrodos_sewer_entry_bend,
          nrook_campfire, uniq_grinder
D:4:      layout_cave_pools, minmay_temple_entry_gardened_gates,
          uniq_crazy_yiuf_cottage, uniq_pikel
D:5:      layout_cave_pools
D:6:      layout_basic, overflow_temple_1_default, minmay_misc_feat_doors
D:7:      layout_basic
D:8:      layout_gridville
D:9:      layout_long_grid, nicolae_diode_basic
D:10:     layout_basic, nicolae_overflow_squiral, david_lair_shrubbed,
          gammafunk_ghost_cemetery, uniq_harold, uniq_maurice
Temple:   mainiacjoe_temple_coin_purse
Lair:1:   layout_layer_cave, uniq_maggie
Lair:2:   layout_gridlike, palyth_hydra_swamp_entry

Skill      XL: |  1  2  3  4  5  6  7  8  9 10 11 |
---------------+----------------------------------+-----
Fighting       | 3 4 5 7 |  7.9
Ranged Weapons | 4 5 7 9 11 13 14 | 14.0
Invocations    | 1 3 6 8 9 |  9.0
Dodging        | 3 |  3.0
Evocations     | 2 |  2.8
Stealth        | |  0.7

Action                     |  1- 3 |  4- 6 |  7- 9 | 10-12 || total
---------------------------+-------+-------+-------+-------++-------
  Melee: Dagger            |       |       |     9 |    20 ||    29
         Battleaxe         |       |       |     6 |       ||     6
         Punch             |       |       |       |     1 ||     1
   Fire: Shortbow          |   101 |   183 |   235 |   202 ||   721
         Orcbow            |       |       |   245 |   142 ||   387
         Longbow           |       |       |       |    38 ||    38
  Throw: Dart              |       |       |    11 |     3 ||    14
 Invoke: Heroism           |       |     2 |     2 |     5 ||     9
         Finesse           |       |       |       |     1 ||     1
  Evoke: Wand              |       |       |     3 |     4 ||     7
    Use: Scroll            |     4 |       |     4 |     5 ||    13
         Potion            |       |     1 |     1 |     8 ||    10
 Armour: Leather armour    |     7 |    13 |    19 |       ||    39
         Robe              |       |       |    40 |    13 ||    53
         Troll leather arm |       |       |       |    30 ||    30
  Dodge: Dodged            |    18 |    35 |   140 |   119 ||   312
  Block: Other             |     5 |    21 |     8 |    48 ||    82
         Reflection        |       |     1 |       |     2 ||     3

Table legend: (Time is in decaauts)
 A = Elapsed time spent in this place.
 B = Non-inter-level travel time spent in this place.
 C = Inter-level travel time spent in this place.
 D = Time resting spent in this place.
 E = Time spent auto-exploring this place.
 F = Levels seen in this place.
 G = Mean time per level.
                   A        B        C        D        E       F      G
               +--------+--------+--------+--------+--------+-----+--------+
         Total |  12278 |  11913 |    365 |   3208 |   5871 |  14 |  877.0 |
       Dungeon |  10556 |  10211 |    345 |   3092 |   4754 |  10 | 1055.6 |
        Temple |      1 |      1 |      0 |      0 |      0 |   1 |    1.0 |
          Lair |   1628 |   1608 |     20 |    116 |   1096 |   2 |  814.0 |
         Sewer |     90 |     90 |      0 |      0 |     20 |   1 |   90.0 |
               +--------+--------+--------+--------+--------+-----+--------+

Top non-repeatable levels by time:
     D:9: 1892 daAuts
     D:3: 1499 daAuts
    D:10: 1277 daAuts
     D:7: 1273 daAuts
  Lair:1: 1192 daAuts
     D:8: 1133 daAuts
     D:6: 962 daAuts
     D:4: 795 daAuts
     D:1: 648 daAuts
     D:5: 621 daAuts
     D:2: 452 daAuts
  Lair:2: 436 daAuts
   Sewer: 90 daAuts
  Temple: 1 daAuts
